 Dungeon Crawl Stone Soup version 0.31-a0-626-g8143ab4f1d (webtiles) character file.

Game seed: 16079141848171337754

100 ytrimaz the Insei (level 4, -4/28 HPs)
             Began as an Octopode Shapeshifter on Aug 24, 2023.
             Slain by an orc
             ... wielding a +0 trident
              (8 damage)
             ... on level 3 of the Dungeon.
             The game lasted 00:01:43 (1797 turns).

ytrimaz the Insei (Octopode Shapeshifter)           Turns: 1797, Time: 00:01:43

Health: -4/28      AC:  1    Str: 14    XL:     4   Next: 73%
Magic:  4/4        EV: 13    Int: 10    God:
Gold:   84         SH:  0    Dex: 14    Spells: 3/3 levels left

rFire   . .          .
                       - Unarmed
rCold   . . .        (no shield)
rNeg    . . .        (helmet currently unavailable)
rPois   .            (no amulet)
rElec   .            (no ring)
rCorr   .            (no ring)
SInv    .            (no ring)
Will    .....        (no ring)
Stlth   ++           (no ring)
HPRegen 0.24/turn    (no ring)
MPRegen 0.09/turn    (no ring)
                     (no ring)

%: no passive effects
@: beast-form, hasted, very quick
A: beast (slay +2), almost no armour, amphibious, 8 rings, camouflage 1,
gelatinous body 1, (nimble swimmer 1), tentacles
a: Begin Untransformation


You were on level 3 of the Dungeon.
You were a hulking beast.
You visited 1 branch of the dungeon, and saw 3 of its levels.

You collected 84 gold pieces.


Innate Abilities, Weirdness & Mutations

You are a hulking beast.
Your limbs bulge with bestial killing power. (Slay +2)
You cannot wear most types of armour.
You are amphibious.
You can wear up to eight rings at the same time.
Your skin changes colour to match your surroundings (Stealth+).
Your rubbery body absorbs attacks. (AC +1, EV +1)
((You are camouflaged when in or above water. (Stealth+)))
You have tentacles for arms and can constrict up to eight enemies at once.


   Skills:
 - Level 1.0 Fighting
 - Level 2.0 Dodging
 + Level 4.2 Unarmed Combat
 + Level 4.1 Shapeshifting


You had 3 spell levels left.
You didn't know any spells.
Your spell library contained the following spells:

 Spells                   Type           Power      Damage    Failure   Level
 Summon Small Mammal      Summ           0%         N/A       36%         1
 Call Canine Familiar     Summ           0%         N/A       75%         3
 Dazzling Flash           Conj/Hex       0%         N/A       75%         3
 Summon Guardian Golem    Hex/Summ       0%         N/A       75%         3
 Agony                    Necr           0%         N/A       100%        5
 Silence                  Hex/Air        0%         N/A       100%        5

Inventory:

Jewellery
 k - a ring of fire
   (You found it on level 2 of the Dungeon)
Talismans
 b - a beast talisman (active)
 c - a flux talisman
Scrolls
 d - 2 scrolls of teleportation {unknown}
 e - a scroll of revelation {unknown}
 f - 2 scrolls of identify {unknown}
 g - a scroll of poison {unknown}
Potions
 a - a potion of lignification
 i - a potion of brilliance {unknown}
 j - a potion of curing {unknown}
 l - a potion of heal wounds {unknown}
 m - 2 potions of attraction {unknown}

Dungeon Overview and Level Annotations

Branches:
Dungeon (3/15) Zot: 16208

Altars:

Shops:
D:2

* #####.######.##+#
.# ##...## #.....$.
#.....# ##.....##
#.....# ##...)...##
##.....####.........#
..........+.........+
####...####.....oo..#
#..## #....oo.# ##.##
#...h.# #...# ##...##
#<#.# ##'##
###...#########.#
.............##.#
.###.#..####.##.## .#
#.#..# #.#...## .#
#.#..####......# .#
#.......#.#)..##


You could see an orc priest and 3 orcs.


Message History

You take 1 damage, and now have 27/28 hp.
You bludgeon the rat!
You kill the rat! 😎 HP[+1]
Your hp is fully restored (28).
Unknown command.
No target in view!
An endoplasm comes into view.
An endoplasm is nearby!
An endoplasm is nearby!
An endoplasm is nearby!
The endoplasm quivers.
The endoplasm barely misses you.
You tentacle-slap the endoplasm. You squeeze the endoplasm.
You kill the endoplasm!
No target in view!
Unknown command.
You open the door.
A rat comes into view.
A rat is nearby!
A rat is nearby!
There is an open door here.
An endoplasm comes into view.
Found Icouwny's Assorted Antiques.
The endoplasm quivers.
You tentacle-slap the rat.
You kill the rat!
Unknown command.
The endoplasm freezes you.
You are frozen. 😕 HP[-2]
You take 2 damage, and now have 26/28 hp.
The endoplasm freezes you.
You are frozen. 😕 HP[-2]
You take 2 damage, and now have 24/28 hp.
You tentacle-slap the endoplasm. You squeeze the endoplasm.
You kill the endoplasm! 😕 HP[+1] Unknown command.
There is an entrance to Icouwny's Assorted Antiques here. 😎 HP[+3]
Your hp is fully restored (28).
Key pressed, stopping explore.
Done exploring.
Done exploring.
Done exploring.
Done exploring.
There is a stone staircase leading down here.
You climb downwards.
Found 5 javelins.
Found a stone staircase leading down.
There is a stone staircase leading up here.
Unknown command.
There are monsters nearby!
There are monsters nearby!
The helpless giant cockroach fails to defend itself.
You bludgeon the giant cockroach!
You kill the giant cockroach!
Unknown command.
You bludgeon the rat!
You kill the rat!
No target in view!
Unknown command.
You see here 5 javelins.
Found a stone staircase leading up.
You now have 84 gold pieces (gained 14).
Key pressed, stopping explore.
You open the door.
An orc priest and 2 orcs come into view.
There are monsters nearby!
There are monsters nearby!
There is an open door here.
There are monsters nearby!
An orc comes into view. It is wielding a +0 trident.
The orc priest shouts!
The orc shouts! x2
The orc priest hits you from afar with a +0 trident. 😕 HP[-3]
You take 3 damage, and now have 25/28 hp.
There are monsters nearby!
The orc priest barely misses you.
You see here a scroll labelled EPNITO LEUFIFF.
There are monsters nearby!
The orc shouts!
You tentacle-slap the orc priest but do no damage.
Your grab misses the orc priest.
Unknown command.
You barely miss the orc. Your grab misses the orc.
The orc hits you with a +0 flail.
The orc priest invokes the aid of Beogh against you.
Beogh smites you!
* * * LOW HITPOINT WARNING * * *
😱 HP[-19]
You take 19 damage, and now have 6/28 hp.
MASSIVE DAMAGE!! (PAUSE) It was a potion of haste.
You feel yourself speed up. The orc hits you with a +0 hand axe.
* * * LOW HITPOINT WARNING * * *
The orc misses you.
The orc hits you from afar with a +0 trident!
You die...

Skill      XL: |  1  2  3  4 |
---------------+-------------+-----
Unarmed Combat | 4 |  4.2
Shapeshifting  | 4 |  4.1
Fighting       | |  1.0
Dodging        | |  2.0

Action                     |  1- 3 |  4- 6 || total
---------------------------+-------+-------++-------
  Melee: Unarmed           |    50 |    36 ||    86
         Constrict         |    20 |     9 ||    29
         Tentacles         |     8 |    12 ||    20
         Punch             |     3 |     3 ||     6
    Use: Potion            |       |     1 ||     1
   Stab: Sleeping          |     5 |     1 ||     6
 Armour: Skin              |     2 |     2 ||     4
  Dodge: Dodged            |    17 |    30 ||    47

Levels and vault maps discovered:
D:1:      lightli_iron_boxes, layout_basic
D:2:      layout_basic, serial_shops, nicolae_shop_stone, uniq_robin
D:3:      layout_loops_corners

Notes
Turn   | Place    | Note
-------+----------+-------------------------------------------
     0 | D:1      | ytrimaz the Octopode Shapeshifter began the quest for the
                  | Orb.
     0 | D:1      | Reached XP level 1. HP: 13/13 MP: 1/1
     0 | D:1      | magus.rc [v1.9.6]
    96 | D:1      | You pick up a book of Callings and begin reading...
    96 | D:1      | You add the spells Summon Small Mammal, Call Canine
                  | Familiar and Summon Guardian Golem to your library.
   296 | D:1      | Reached XP level 2. HP: 18/18 MP: 2/2
   980 | D:2      | Reached XP level 3. HP: 17/23 MP: 3/3
  1181 | D:2      | Reached skill level 4 in Unarmed Combat
  1181 | D:2      | Reached XP level 4. HP: 17/28 MP: 4/4
  1352 | D:2      | Reached skill level 4 in Shapeshifting
  1421 | D:2      | Noticed Robin
  1427 | D:2      | Killed Robin
  1477 | D:2      | You pick up a book of the Senses and begin reading...
  1477 | D:2      | You add the spells Dazzling Flash, Agony and Silence to
                  | your library.
  1658 | D:2      | Found Icouwny's Assorted Antiques.
  1796 | D:3      | HP: 6/28 [orc priest/divine providence (13)]
  1797 | D:3      | Slain by an orc

Vanquished Creatures
  Robin (D:2)
  3 adders (D:2)
  A worm (D:2)
  A dart slug (D:1)
  4 ball pythons
  4 bats
  5 endoplasms
  2 giant cockroaches
  12 goblins
  3 hobgoblins
  3 jackals (D:2)
  3 kobolds
  A quokka (D:1)
  3 frilled lizards
  6 rats
52 creatures vanquished.

Table legend:
 A = Non-vault XP
 B = Vault XP
 C = Vault XP percentage of total XP
 D = Non-vault monster count
 E = Vault monster count
 F = Vault count percentage of total count
                 A         B        C        D         E       F
            +---------+---------+-------+---------+---------+-------
      Total |     108 |      35 |  24.5 |      41 |      11 |  21.2
            +---------+---------+-------+---------+---------+-------
        D:1 |      30 |       0 |   0.0 |      16 |       0 |   0.0
        D:2 |      75 |      35 |  31.8 |      23 |      11 |  32.4
        D:3 |       3 |       0 |   0.0 |       2 |       0 |   0.0
            +---------+---------+-------+---------+---------+-------

Skill      XL: |  1  2  3  4 |
---------------+-------------+-----
Unarmed Combat | 4 |  4.2
Shapeshifting  | 4 |  4.1
Fighting       | |  1.0
Dodging        | |  2.0

Action                     |  1- 3 |  4- 6 || total
---------------------------+-------+-------++-------
  Melee: Unarmed           |    50 |    36 ||    86
         Constrict         |    20 |     9 ||    29
         Tentacles         |     8 |    12 ||    20
         Punch             |     3 |     3 ||     6
    Use: Potion            |       |     1 ||     1
   Stab: Sleeping          |     5 |     1 ||     6
 Armour: Skin              |     2 |     2 ||     4
  Dodge: Dodged            |    17 |    30 ||    47

Illustrated notes

Table legend:
 A = Kills in this place as a percentage of kills in the entire game.
 B = Kills by you in this place as a percentage of kills by you in the entire game.
 C = Kills by friends in this place as a percentage of kills by friends in the entire game.
 D = Other kills in this place as a percentage of other kills in the entire game.
 E = Experience gained in this place as a percentage of experience gained in the entire game.
 F = Experience gained in this place divided by the number of levels of this place that you have seen.
                   A       B       C       D       E      F
               +-------+-------+-------+-------+-------+----------------------
         Total | 100.0 | 100.0 |   N/A |   N/A | 100.0 |  47.7
       Dungeon | 100.0 | 100.0 |   N/A |   N/A | 100.0 |  47.7
               +-------+-------+-------+-------+-------+----------------------

Table legend: (Time is in decaauts)
 A = Elapsed time spent in this place.
 B = Non-inter-level travel time spent in this place.
 C = Inter-level travel time spent in this place.
 D = Time resting spent in this place.
 E = Time spent auto-exploring this place.
 F = Levels seen in this place.
 G = Mean time per level.
                   A        B        C        D        E       F      G
               +--------+--------+--------+--------+--------+-----+--------+
         Total |   1790 |   1758 |     32 |      0 |   1451 |   3 |  596.7 |
       Dungeon |   1790 |   1758 |     32 |      0 |   1451 |   3 |  596.7 |
               +--------+--------+--------+--------+--------+-----+--------+

Top non-repeatable levels by time:
     D:1: 971 daAuts
     D:2: 742 daAuts
     D:3: 76 daAuts
